 Dungeon Sprint DCSS version 0.31.0-12-g77e489cdc1 (webtiles) character file.

Game seed: 6701991893417598740

10235 Minsecho the Fencer (level 11, -8/112 HPs)
             Began as a Tengu Berserker on Feb 18, 2024.
             Was a High Priest of Trog.
             Mangled by a lorocyproca (15 damage)
             ... in the Dungeon (Sprint I: "Red Sonja").
             The game lasted 00:10:46 (1441 turns).

Minsecho the Fencer (Tengu Berserker)               Turns: 1441, Time: 00:10:46

Health: -8/112     AC:  7    Str: 14      XL:     11   Next: 58%
Magic:  0/8        EV: 16    Int:  4 (6)  God:    Trog [*****.]
Gold:   688        SH: 15    Dex: 14 (15) Spells: 10/10 levels left

rFire   + . .        r - +4 long sword
rCold   x . .        m - +0 tower shield
rNeg    . . .        j - +3 ring mail {Will+}
rPois   .            (helmet restricted)
rElec   .            o - scarf {rC+ rF+}
rCorr   .            (no gloves)
SInv    .            (boots unavailable)
Will    +++..        (no amulet) Stlth
                     (no ring)
HPRegen 1.00/turn    (no ring)
MPRegen 0.11/turn

%: no teleportation, random rage (9%), acrobat
@: berserking, strong-willed, flying, regenerating, very quick
A: beak, talons 3, evasive flight, acrobatic, berserk 2, clumsy 1, deformed
body, deterioration 2, dopey 1, frail 1, low MP 3, screaming 2, inhibited
regeneration, weak 2, no potion heal 1, cold vulnerability 2, inability to drink
after injury 1, inability to read after injury 2, persistent drain
a: Renounce Religion, Berserk, Trog's Hand, Brothers in Arms


You were in the Dungeon.
You worshipped Trog.
Trog was extremely pleased with you.
You visited 1 branch You collected 1008 gold pieces.
You spent 320 gold pieces at shops.

Inventory:

Hand Weapons
 a - a +0 falchion
 c - a +1 dagger of distortion
 k - the +3 hand axe of the Delightful God {antimagic, Will+ Int+3 Stlth+}
   (You took it off a centaur warrior in the Dungeon)

   Int+3:     It affects your intelligence (+3).
   Will+:     It increases your willpower.
   Stlth+:    It makes you more stealthy.
 r - a +4 long sword (weapon)
Missiles
 d - 10 curare-tipped darts (quivered)
 q - 3 poisoned darts
Armour
 b - a +0 animal skin
 j - a +3 ring mail of willpower (worn)
 l - a +0 troll leather armour
 m - a +0 tower shield (worn)
 o - a scarf of resistance (worn)
Wands
 i - a wand of mindburst (12)
Scrolls
 h - a scroll of enchant weapon {unknown}
 n - a scroll of identify {unknown}
Potions
 e - 2 potions of haste
 f - 2 potions of magic
 g - a potion of berserk rage
 p - a potion of curing


   Skills:
 + Level 16.8 Fighting
 + Level 17.9 Long Blades
 + Level 10.7 Armour
 + Level 10.3 Dodging
 * Level 8.7 Shields
 + Level 4.1 Evocations


You had 10 spell levels left.
You didn't know any spells.
Your spell library was empty.

Dungeon Overview and Level Annotations

Branches:
Dungeon (1/1)

Altars:
Cheibriados
Dithmenos
Elyvilon
Fedhas
Gozag
Hepliaklqana
Kikubaaqudgha
Makhleb
Nemelex Xobeh
Okawaru
Qazlal
Ru
Sif Muna
Trog
Uskayaw
Vehumet
Wu Jian
Xom
Yredelemnul
Zin
The Shining One
Jiyva
Lugonu

Shops:
D (((==?[


Innate Abilities, Weirdness & Mutations

You have a beak for a mouth.
You have claws for feet.
Your magical flight helps you evade attacks. (EV +4)
You can magically evade attacks while moving or waiting.
You have an uncontrollable temper.
You are clumsy. (Dex -2)
Armour fits poorly on your strangely shaped body.
Your body often deteriorates upon taking damage.
You are dopey. (Int -2)
You are frail. (-10% HP)
Your magical capacity is extremely low. (-30% MP)
You frequently scream uncontrollably at your foes.
You do not regenerate when monsters are visible.
You are very weak. (Str -4)
Potions are less effective at restoring your health.
You are very vulnerable to cold. (rC--)
You occasionally lose the ability to drink potions when taking damage.
You sometimes lose the ability to read scrolls when taking damage.
Your health recovers twice as slowly from being drained.


Message History

You reach down and open the door.
You hear a chilling moan.
Found 81 gold pieces.
A meliai comes into view. It is wielding a +0 war axe.
Found 81 gold pieces.
The meliai buzzes angrily.
There is an open door here.
Press: ? - help, v - describe, . - travel The floor.
Press: ? - help, v - describe, . - travel, g - get item Item here: 27 gold pieces.
The floor.
Unknown command.
The meliai mumbles some strange prayers to its god against you.
Something smites you! You block something's attack.
Deactivating autopickup; reactivate with Ctrl-A.
You reach down and open the door.
Something hits you.
You feel your power leaking away.
Found a book of Touch.
The meliai calls down the wrath of its god upon you.
Something smites you!
Your body deteriorates!
You feel dopey. Something hits you!
Your body deteriorates!
You feel clumsy.
There is an open door, spattered with blood here.
You see here a book of Touch.
You hit something but do no damage. Your peck misses something.
Something hits you!!
* * * LOW HITPOINT WARNING * * *
Your skin crawls.
You feel strong-willed. You block something's attack.
Your system partially rejects the healing.
You feel better. Something hits you!!
* * * LOW HITPOINT WARNING * * *
Your body deteriorates!
You feel dopey.
Okay, then.
A red film seems to cover your vision as you go berserk!
You feel yourself moving faster!
You feel mighty! Something hits you!
You die...

###################
#__#.)')..#..#.§§.+
'..'.†#)..##'#§####
#__####...'..#§#@###
####..#####..§§#'#$###
#~§§§.# ##)####.°$#y#
'§~§§.+ #..°°°#○○$###
#§~~§§# #...○°'.°°$$#
##'#### ###.○.#.....#
#..[:### #.°.###++##
##'###.## #°°##
.....'.∩# #○○#


There were no monsters in sight!

Vanquished Creatures
  2 centaur warriors (D)
  3 demonic crawlers (D)
  Sonja (D)
  A deep troll (D)
  A lindwurm (D)
  8 shining eyes (D)
  A gargoyle (D)
  2 kobold demonologists (D)
  5 glass eyes (D)
  Sigmund (D)
  A slime creature (D)
  A yak (D)
  An ogre (D)
  A jelly (D)
  Ijyb (D)
  A ballistomycete spore (D)
31 creatures vanquished.

Vanquished Creatures (collateral kills)
  A demonic crawler (D)
1 creature vanquished.

Vanquished Creatures (others)
  A ballistomycete spore (D)
1 creature vanquished.

Grand Total: 33 creatures vanquished

Notes
Turn   | Place    | Note
-------+----------+-------------------------------------------
     0 | D        | Minsecho the Tengu Berserker began the quest for the Orb.
     0 | D        | Reached XP level 1. HP: 14/14 MP: 2/2
     1 | D        | Noticed Ijyb
     7 | D        | Killed Ijyb
     8 | D        | Reached skill level 5 in Long Blades
     8 | D        | Reached XP level 2. HP: 19/20 MP: 3/3
     8 | D        | Reached XP level 3. HP: 23/24 MP: 4/4
    47 | D        | Noticed an ogre
    50 | D        | Killed an ogre
    51 | D        | Reached skill level 7 in Long Blades
    51 | D        | Reached XP level 4. HP: 32/32 MP: 5/5
    93 | D        | Noticed Sigmund
    97 | D        | Killed Sigmund
    97 | D        | Reached ** piety under Trog
    98 | D        | Reached skill level 9 in Long Blades
    98 | D        | Reached skill level 5 in Armour
    98 | D        | Reached skill level 5 in Dodging
    98 | D        | Reached XP level 5. HP: 39/39 MP: 6/6
    98 | D        | Reached XP level 6. HP: 44/44 MP: 7/7
   147 | D        | Found an ornate altar of the Wu Jian Council.
   147 | D        | Found a shimmering blue altar of Sif Muna.
   149 | D        | Found a radiant altar of Vehumet.
   179 | D        | Found Tatzuwuc's Jewellery Emporium.
   179 | D        | Found an ancient bone altar of Kikubaaqudgha.
   179 | D        | Found a hazy altar of Hepliaklqana.
   179 | D        | Found a hide-covered altar of Uskayaw.
   179 | D        | Found a basalt altar of Yredelemnul.
   179 | D        | Found an opulent altar of Gozag.
   179 | D        | Found a snail-covered altar of Cheibriados.
   179 | D        | Found a sacrificial altar of Ru.
   179 | D        | Found a shadowy altar of Dithmenos.
   179 | D        | Noticed a yak
   184 | D        | Killed a yak
   185 | D        | Reached skill level 10 in Long Blades
   185 | D        | Gained mutation: Your magical flight helps you evade
                  | attacks. (EV +4) [Tengu growth]
   185 | D        | Reached XP level 7. HP: 51/51 MP: 8/8
   189 | D        | Found a stormy altar of Qazlal.
   189 | D        | Found a blossoming altar of Fedhas.
   189 | D        | Found a bloodstained altar of Trog.
   189 | D        | Found an iron altar of Okawaru.
   189 | D        | Found a glowing golden altar of the Shining One.
   189 | D        | Found a glowing silver altar of Zin.
   189 | D        | Found a white marble altar of Elyvilon.
   214 | D        | Found a sparkling altar of Nemelex Xobeh.
   225 | D        | Noticed Sonja
   257 | D        | Killed Sonja
   258 | D        | Reached skill level 12 in Long Blades
   258 | D        | Reached skill level 1 in Evocations
   258 | D        | Reached XP level 8. HP: 22/60 MP: 9/9
   424 | D        | Noticed a centaur warrior
   424 | D        | Noticed a centaur warrior
   431 | D        | Identified the +3 hand axe of the Delightful God
                  | {antimagic, Will+ Int+3 Stlth+}
   435 | D        | Killed a centaur warrior
   435 | D        | Reached *** piety under Trog
   436 | D        | Reached skill level 13 in Long Blades
   441 | D        | Killed a centaur warrior
   442 | D        | Reached skill level 14 in Long Blades
   442 | D        | Reached XP level 9. HP: 58/67 MP: 6/10
   449 | D        | Noticed a deep troll
   534 | D        | Killed a deep troll
   601 | D        | Found Ufaimiocw's Armour Emporium.
   618 | D        | Bought a scarf of resistance for 320 gold pieces
   680 | D        | Found Oskaq's Weapon Boutique.
   719 | D        | Noticed a shining eye
   719 | D        | Noticed a shining eye
   719 | D        | Noticed a shining eye
   719 | D        | Noticed a shining eye
   719 | D        | Noticed a shining eye
   719 | D        | Noticed a shining eye
   719 | D        | Gained mutation: You occasionally shout uncontrollably at
                  | your foes. [a shining eye]
   723 | D        | Gained mutation: You are vulnerable to cold. (rC-) [a
                  | shining eye]
   729 | D        | Killed a shining eye
   730 | D        | Reached skill level 15 in Long Blades
   730 | D        | Reached skill level 1 in Shields
   732 | D        | Gained mutation: You are weak. (Str -2) [a shining eye]
   737 | D        | Killed a shining eye
   737 | D        | Reached **** piety under Trog
   738 | D        | Reached XP level 10. HP: 75/75 MP: 11/11
   750 | D        | Gained mutation: You sometimes lose your temper in combat.
                  | [a shining eye]
   751 | D        | Gained mutation: You are very vulnerable to cold. (rC--) [a
                  | shining eye]
   755 | D        | Gained mutation: You frequently scream uncontrollably at
                  | your foes. [a shining eye]
   756 | D        | Gained mutation: Potions are less effective at restoring
                  | your health. [a shining eye]
   757 | D        | Gained mutation: Your magical capacity is low. (-10% MP) [a
                  | shining eye]
   758 | D        | Gained mutation: You are very weak. (Str -4) [a shining
                  | eye]
   762 | D        | Killed a shining eye
   762 | D        | Gained mutation: You have hidden genetic defects. [a
                  | shining eye]
   762 | D        | Gained mutation: You occasionally lose the ability to drink
                  | potions when taking damage. [a shining eye]
   765 | D        | Gained mutation: You have an uncontrollable temper. [a
                  | shining eye]
   766 | D        | Gained mutation: You do not regenerate when monsters are
                  | visible. [a shining eye]
   773 | D        | Killed a shining eye
   774 | D        | Reached skill level 16 in Long Blades
   774 | D        | Gained mutation: Armour fits poorly on your strangely
                  | shaped body. [a shining eye]
   777 | D        | Gained mutation: Your magical capacity is very low. (-20%
                  | MP) [a shining eye]
   780 | D        | Killed a shining eye
   780 | D        | Reached ***** piety under Trog
   781 | D        | Reached skill level 15 in Fighting
   781 | D        | Reached skill level 5 in Shields
   782 | D        | Gained mutation: Your body sometimes deteriorates upon
                  | taking damage. [a shining eye]
   784 | D        | Gained mutation: You occasionally lose the ability to read
                  | scrolls when taking damage. [a shining eye]
   785 | D        | Killed a shining eye
   786 | D        | Reached skill level 10 in Armour
   787 | D        | Noticed a shining eye
   787 | D        | Noticed a shining eye
   789 | D        | Gained mutation: Your body often deteriorates upon taking
                  | damage. [hidden defects]
   791 | D        | Gained mutation: Your health recovers twice as slowly from
                  | being drained. [a shining eye]
   793 | D        | Gained mutation: You are dopey. (Int -2) [a shining eye]
   794 | D        | Lost mutation: You frequently scream uncontrollably at your
                  | foes. [a shining eye]
   796 | D        | Gained mutation: You frequently scream uncontrollably at
                  | your foes. [a shining eye]
   797 | D        | Gained mutation: You sometimes lose the ability to read
                  | scrolls when taking damage. [a shining eye]
   798 | D        | Gained mutation: Your magical capacity is extremely low.
                  | (-30% MP) [a shining eye]
   799 | D        | Killed a shining eye
   801 | D        | Gained mutation: You are frail. (-10% HP) [a shining eye]
   808 | D        | Killed a shining eye
   827 | D        | Found Xuhaeh's Jewellery Shop.
   827 | D        | Found Uddou's Weapon Shoppe.
   827 | D        | Found Hecwames's Magic Scroll Boutique.
   827 | D        | Found Wamuck's Weapon Emporium.
   827 | D        | Gained mutation: You are clumsy. (Dex -2) [hidden defects]
   827 | D        | Lost mutation: You have hidden genetic defects. [hidden
                  | defects expressed]
   870 | D        | Found a burning altar of Makhleb.
   870 | D        | Found a shimmering altar of Xom.
   871 | D        | Found a viscous altar of Jiyva.
   871 | D        | Found a corrupted altar of Lugonu.
   879 | D        | Reached XP level 11. HP: 50/73 MP: 8/8
   967 | D        | Noticed a sun demon
   970 | D        | Reached skill level 17 in Long Blades
   976 | D        | Reached ****** piety under Trog
   980 | D        | Received a gift from Trog
  1012 | D        | Noticed a demonic crawler
  1012 | D        | Noticed a demonic crawler
  1012 | D        | Noticed a demonic crawler
  1012 | D        | Noticed a demonic crawler
  1021 | D        | Killed a demonic crawler
  1166 | D        | Killed a demonic crawler
  1167 | D        | Reached skill level 10 in Dodging
  1167 | D        | Killed a demonic crawler
  1170 | D        | Killed a demonic crawler
  1209 | D        | Noticed a lindwurm
  1215 | D        | Killed a lindwurm
  1282 | D        | Received a gift from Trog
  1441 | D        | Mangled by a lorocyproca

Illustrated notes

Levels and vault maps discovered:
D:        dungeon_sprint_1 [red_sonja_temple_1, red_sonja_temple_small_1]

Skill      XL: |  1  2  3  4  5  6  7  8  9 10 11 |
---------------+----------------------------------+-----
Fighting       | 4 6 8 9 11 12 14 15 16 | 16.8
Long Blades    | 5 7 9 10 12 14 15 16 17 | 17.9
Armour         | 3 5 7 8 9 10 | 10.7
Dodging        | 3 5 6 8 9 10 | 10.3
Evocations     | 1 2 3 4 |  4.1
Shields        | 3 6 8 |  8.7

Action                     |  1- 3 |  4- 6 |  7- 9 | 10-12 || total
---------------------------+-------+-------+-------+-------++-------
  Melee: Falchion          |     7 |    10 |    31 |   125 ||   173
         Kick              |     4 |     5 |    12 |    63 ||    84
         Peck              |     1 |     3 |     9 |    30 ||    43
         Long sword        |       |       |       |     1 ||     1
 Invoke: Berserk           |     2 |     2 |     3 |     5 ||    12
         Trog's Hand       |       |       |     2 |     2 ||     4
         Brothers in Arms  |       |       |       |     1 ||     1
  Evoke: Wand              |       |       |     4 |       ||     4
    Use: Potion            |       |       |     2 |     1 ||     3
         Scroll            |       |       |     1 |       ||     1
 Armour: Animal skin       |     1 |       |       |       ||     1
         Ring mail         |       |     2 |    17 |    34 ||    53
  Dodge: Dodged            |     1 |     5 |    31 |    28 ||    65
  Block: Tower shield      |       |       |       |    46 ||    46
